Croesus, chaotic male elven Ranger --- ---- ----- ---- # ---- |..| --..-- |...-#-..--#---..---|..| |....| --- ---..^.(..(...........|.-- |...-| ----.-- ---- |...---#-##-------..|.|.| --...| |.....| |..-- |.--- --.%|...| --...-- ----....-- |...- |.| |....--.--- --.....-- |......-- ---....||.| --........>| |..[....| --.....-- |...--.--.| |..........---- . |.......-- .......--- ---.---|..Y.| --............|.......----------......- |.......-- |...| --.@-- --............%....................|....| |........|--.--- |...|-- ..........^.............-----------#....| ---......|...| --..|.-- ......................).| --.----- |......|.--- |.....--- ..........--............|-- |..| |........| |.......| ---.....-----. ......|.|.-- ---- ---....--- --.......--- -|....| ---..- |..........| |...-- |...| --.<........| |...| -.^| |....-------- |.--- |..| --..-- - ---- ---- Croesus the Trailblazer Experience level: 8 Strength: 17 Dexterity: 13 Constitution: 16 Intelligence: 17 Wisdom: 13 Charisma: 7 Health: 0(41) Energy: 45(45) Def: 14 Gold: 0 Moves: 14419 Dungeon seed: wmAJlHrFvNMIlA4k Game ID: Croesus_1558945906 Your Inventory: Weapons e - an uncursed +1 elven bow p - an uncursed +0 dwarvish short sword q - 26 uncursed +0 arrows s - 9 uncursed +0 elven arrows x - a blessed +0 dwarvish mattock (weapon in hands) E - 5 blessed +0 darts R - 30 uncursed poisoned +0 darts (in quiver) Armor a - an uncursed +2 elven cloak (being worn) y - an uncursed +1 orcish helm (being worn) z - an uncursed +0 pair of iron shoes of stealth (being worn) M - an uncursed +1 elven mithril-coat (being worn) N - an uncursed +1 Hawaiian shirt (being worn) Comestibles Z - 2 uncursed male lizard corpses Rings o - an uncursed ring of regeneration I - a cursed ring of slow digestion (on left hand) Wands h - an uncursed wand of fire (0:6) H - an uncursed wand of polymorph (0:4) J - an uncursed wand of cold (0:7) X - an uncursed wand of striking (0:5) Tools b - an uncursed bag of holding k - an uncursed skeleton key l - a cursed oil lamp (0:601) u - an uncursed +0 unicorn horn w - an uncursed tin whistle A - an uncursed expensive camera (0:98) F - an uncursed mirror T - an uncursed blindfold Gems c - an uncursed garnet stone Contents of the bag of holding: 27 uncursed +2 elven arrows an uncursed +1 elven dagger 34 uncursed poisoned +0 darts an uncursed +1 orcish shield 3 uncursed fortune cookies 4 uncursed lembas wafers 3 uncursed lichen corpses 3 uncursed mangos an uncursed scroll of earth a cursed scroll of earth an uncursed scroll of identify an uncursed scroll of light a cursed scroll of teleportation a blessed potion of object detection an uncursed potion of object detection a blessed potion of restore ability an uncursed ring of invisibility an uncursed ring of see invisible an uncursed ring of stealth an uncursed wand of digging (0:2) an uncursed wand of make invisible (0:6) an uncursed wand of make invisible (0:3) an uncursed +0 unicorn horn 1593 gold pieces Spells and supernatural/magical abilities: Name Level Category Cost Memory h - healing 1 healing 1000pw 80% o - cone of cold 4 attack 4000pw 77% p - protection 1 clerical 1000pw 77% v - clairvoyance 3 divination 3000pw 95% A - create familiar 3 clerical 3000pw 93% S - stone to flesh 3 healing 3000pw 82% W - pray for help -- divine ? -- Your skills at the end: Fighting Skills wands [Basic] Weapon Skills dagger [Skilled] bow [Expert] Spellcasting Skills Final Attributes: You were piously aligned. You were immune to sleep. You were poison resistant. You saw invisible. You were telepathic. You had automatic searching. You had infravision. You were invisible. You were stealthy. You were held by an owlbear. You had slower digestion. Mars was noncommittal. You are dead. Vanquished creatures: 2 giant mimics 3 giant beetles a quivering blob a wolf 3 leprechauns an iron piercer a gnome king a gold golem 2 lizards 2 dogs 2 dingos 2 jaguars a dwarf lord 4 white unicorns a gray unicorn 2 dust vortices an ape a soldier ant 4 wood nymphs a mountain nymph 4 Mordor orcs an orc shaman 3 rock piercers 2 rock moles 3 fog clouds a yellow light 3 shriekers a violet fungus 10 gnome lords 4 gnomish wizards a red naga hatchling 2 golden naga hatchlings 2 elf zombies a ghoul 4 straw golems a paper golem 3 little dogs a floating eye 3 kittens 13 dwarves 4 kobold lords 4 kobold shamans 2 hill orcs a rothe a rabid rat 2 centipedes 4 giant bats 4 orc zombies 8 dwarf zombies 2 wererats 6 iguanas 14 killer bees an acid blob 3 coyotes 7 hobbits 2 manes 3 large kobolds a hobgoblin 3 giant rats 2 brown molds 2 yellow molds 5 green molds 2 red molds 36 gnomes 16 garter snakes a gnome zombie 12 geckos 22 jackals a fox 6 kobolds 4 goblins 14 sewer rats 15 grid bugs a bat 9 lichens a kobold zombie 18 newts 338 creatures vanquished. Voluntary challenges: You used a wielded weapon 266 times, starting on turn 508. You read items or engraved 55 times, starting on turn 353. You never genocided any monsters. You never polymorphed an object. You never changed form. You used no wishes. You never split a pudding. You wrote Elbereth's name 3 times, starting on turn 5449. You never violated your personal moral code. Dungeon overview: The Dungeons of Doom: levels 1 to 7 Level 1 a long staircase Level 2 a general store stairs to The Gnomish Mines Level 3 an altar to Mars, many fountains, a vault Level 4 Level 5 a sink Level 6 many fountains Level 7 stairs to Sokoban The Gnomish Mines: levels 3 to 6 Level 3 stairs to The Dungeons of Doom Level 4 Level 5 some shops, a temple to Mercury, some fountains Level 6 <- You were here Sokoban: levels 3 to 6 Level 3 Solved Level 4 Solved Level 5 Solved Level 6 Solved stairs to The Dungeons of Doom History has recorded: On T:1 you entered the Dungeons of Doom to retrieve the Amulet of Yendor! On T:352 you reached level 2 of The Dungeons of Doom. On T:476 you reached level 3 of The Dungeons of Doom. On T:675 you reached level 1 of The Gnomish Mines. On T:1034 you advanced to experience level 2. On T:1436 you advanced to experience level 3. On T:1459 you reached level 4 of The Dungeons of Doom. On T:1494 you reached level 5 of The Dungeons of Doom. On T:2039 you advanced to experience level 4. On T:2868 you advanced to experience level 5. On T:3159 you reached level 6 of The Dungeons of Doom. On T:4991 you advanced to experience level 6. On T:5236 you reached level 4 of Sokoban. On T:5466 you advanced to experience level 7. On T:5743 you reached level 3 of Sokoban. On T:6856 you reached level 2 of Sokoban. On T:7725 you reached level 1 of Sokoban. On T:9300 you advanced to experience level 8. On T:10894 you reached level 2 of The Gnomish Mines. On T:10923 you reached level 3 of The Gnomish Mines. On T:11697 you reached level 4 of The Gnomish Mines. Score breakdown: Gold: 1593 (10893 points) Experience: 8 levels (14739 points) Exploration: 7 levels ( 14.89%) (10834 points) Discoveries: 49 items ( 16.61%) (12226 points) Valuables value: (no points given unless you survive) Artifact value: 0 ( 0 points) Variety of kills: 77 monsters ( 20.26%) (13504 points) Turncount: 14419 turns (-2919 points) Survival: died (score multiplied by 80%) Total score: 47421 Latest messages: You produce a high whistling sound. You produce a high whistling sound. You miss the owlbear. The owlbear hits! The owlbear misses. You hit the owlbear! The owlbear misses. (2x) You miss the owlbear. The owlbear misses. (2x) You miss the owlbear. The owlbear hits! The owlbear misses. You miss the owlbear. The owlbear misses. The owlbear hits! You miss the owlbear. The owlbear misses. The owlbear hits! You hit the owlbear! The owlbear hits! (2x) The owlbear grabs you! You cannot escape from the owlbear! The owlbear hits! (2x) You are being crushed. You die... Final status: Goodbye Croesus the Ranger, killed by an owlbear... You died in The Gnomish Mines on dungeon level 6 with 47421 points, and 1593 pieces of gold, after 14419 moves. You were level 8 with a maximum of 41 hit points when you died.